 Dungeon Crawl Stone Soup version 0.31-a0-1074-g0b22e4e0f1 (webtiles) character file.

Game seed: 1153347596483053033

2926 croobank the Ruffian (level 9, -1/61 HPs)
             Began as an Octopode Shapeshifter on Dec 2, 2023.
             Was an Initiate of Gozag.
             Slain by a sky beast (6 damage)
             ... on level 7 of the Dungeon.
             The game lasted 00:21:43 (8041 turns).

croobank the Ruffian (Octopode Shapeshifter)        Turns: 8041, Time: 00:21:43

Health: -1/61      AC:  1    Str: 15    XL:     9   Next: 79%
Magic:  15/15      EV: 15    Int: 14    God:    Gozag
Gold:   347        SH:  0    Dex: 12    Spells: 13/16 levels left

rFire   . .          .
                       - Unarmed
rCold   . . .        (no shield)
rNeg    . . .        (helmet currently unavailable)
rPois   .            e - amulet of magic regeneration
rElec   .            w - ring of willpower
rCorr   .            (no ring)
SInv    .            (no ring)
Will    +....        (no ring)
Stlth   ++           (no ring)
HPRegen 0.30/turn    (no ring)
MPRegen 0.54/turn    (no ring)
                     (no ring)

%: no passive effects
@: beast-form, gold aura, on berserk cooldown, slowed, very slow
A: beast (slay +3), almost no armour, amphibious, 8 rings, camouflage 1,
gelatinous body 1, (nimble swimmer 1), tentacles
a: Begin Untransformation, Renounce Religion, Potion Petition, Call Merchant,
Bribe Branch


You were on level 7 of the Dungeon.
You worshipped Gozag.
Gozag was aware of your devotion.
You were a hulking beast.
You visited 2 branches of the dungeon, and saw 9 of its levels.
You also visited: Sewer and Ossuary.

You collected 459 gold pieces.
You paid 112 gold pieces to Gozag.

Inventory:

Hand Weapons
 b - the +2 sling "Jadwim" {speed, Fragile rElec rC+ SInv}
   (You found it on level 7 of the Dungeon)

   rC+:       It protects you from cold.
   rElec:     It insulates you from electricity.
   SInv:      It lets you see invisible.
   Fragile:   It will be destroyed if unequipped.
 i - a +0 spectral long sword
 q - a +0 short sword of venom
 C - a +2 broad axe of draining
Missiles
 m - a curare-tipped dart
 n - a throwing net (quivered)
 r - 7 poisoned darts
Jewellery
 e - an amulet of magic regeneration (around mantle)
 w - a ring of willpower (left tentacle)
Talismans
 c - a flux talisman
 t - a maw talisman
 D - a beast talisman
 F - a serpent talisman
Wands
 j - a wand of acid (7)
 v - a wand of flame (36)
Scrolls
 l - a scroll of teleportation
 p - a scroll of poison
 y - 3 scrolls of fear
 B - a scroll of butterflies {unknown}
 E - a scroll of enchant armour {unknown}
Potions
 a - 2 potions of lignification
 d - a potion of brilliance
 f - 2 potions of invisibility
 g - 3 potions of cancellation
 h - 3 potions of might
 k - a potion of ambrosia
 o - 3 potions of curing
 s - a potion of attraction {unknown}
 u - a potion of mutation {unknown}
 x - a potion of degeneration {unknown}
 A - 4 potions of enlightenment


   Skills:
 + Level 5.5 Fighting
 + Level 5.9 Dodging
 + Level 6.3 Unarmed Combat
 + Level 4.3 Spellcasting
 + Level 4.6 Hexes
 + Level 5.9 Shapeshifting


You had 13 spell levels left.
You knew the following spells:

 Your Spells              Type           Power      Damage    Failure   Level
a - Confusing Touch       Hex            16%        N/A       9%          3

Your spell library contained the following spells:

 Spells                   Type           Power      Damage    Failure   Level
 Slow                     Hex            64%        N/A       2%          1
 Sigil of Binding         Hex            16%        N/A       9%          3
 Apportation              Tloc           6%         N/A       19%         1
 Freeze                   Ice            12%        1d3       19%         1
 Magic Dart               Conj           12%        1d3       19%         1
 Necrotise                Necr           12%        1d4       19%         1
 Sandblast                Erth           6%         2d5       19%         1
 Sting                    Tmut/Pois      12%        1d3       19%         1
 Summon Small Mammal      Summ           12%        N/A       19%         1
 Dazzling Flash           Conj/Hex       18%        N/A       22%         3
 Call Imp                 Summ           6%         N/A       28%         2
 Passwall                 Tmut/Erth      2%         N/A       28%         2
 Poisonous Vapours        Pois/Air       6%         N/A       28%         2
 Frozen Ramparts          Ice            6%         1d1       50%         3
 Hailstorm                Conj/Ice       3%         3d3       50%         3
 Mephitic Cloud           Conj/Pois/Air  3%         N/A       50%         3
 Stone Arrow              Conj/Erth      6%         3d7       50%         3
 Vampiric Draining        Necr           3%         2d6       50%         3
 Brom's Barrelling Bould  Conj/Erth      3%         2d3       88%         4
 Olgreb's Toxic Radiance  Pois           3%         N/A       88%         4
 Silence                  Hex/Air        4%         N/A       90%         5
 Agony                    Necr           3%         N/A       99%         5


Dungeon Overview and Level Annotations

Branches:
Dungeon (8/15)             Temple (1/1) D:6           Sewer (visited)
Ossuary (visited)
   Lair: D:8-11

Altars:
Ashenzari
Cheibriados
Dithmenos
Elyvilon
Fedhas
Gozag
Hepliaklqana
Kikubaaqudgha
Makhleb
Nemelex Xobeh
Okawaru
Qazlal
Ru
Sif Muna
Trog
Uskayaw
Vehumet
Wu Jian
Xom
Yredelemnul
Zin
The Shining One


Innate Abilities, Weirdness & Mutations

You are a hulking beast.
Your limbs bulge with bestial killing power. (Slay +3)
You cannot wear most types of armour.
You are amphibious.
You can wear up to eight rings at the same time.
Your skin changes colour to match your surroundings (Stealth+).
Your rubbery body absorbs attacks. (AC +1, EV +1)
((You are camouflaged when in or above water. (Stealth+)))
You have tentacles for arms and can constrict up to eight enemies at once.


Message History

You grab the wight. You squeeze the wight.
The wight is moderately damaged.
You constrict the wight, but do no damage.
The wight hits you with a +3 trident of freezing.
* * * LOW HITPOINT WARNING * * *
You feel drained.
* * * LOW HITPOINT WARNING * * *
The wight freezes you.
* * * LOW HITPOINT WARNING * * *
You tentacle-slap the wight but do no damage.
You squeeze the wight.
The wight is heavily damaged.
You constrict the wight, but do no damage.
The wight misses you.
A red film seems to cover your vision as you go berserk!
You feel yourself moving faster!
You feel mighty!
You constrict the wight.
The wight hits you with a +3 trident of freezing!
* * * LOW HITPOINT WARNING * * *
The wight freezes you.
* * * LOW HITPOINT WARNING * * *
You tentacle-slap the wight.
The wight is almost destroyed.
You constrict the wight.
You destroy the wight!
A sky beast comes into view.
Your life force feels restored.
Things that are here:
3 gold pieces; a +3 trident of freezing; a +0 robe You feel a strong urge to attack something.
The sky beast flickers out of sight!
Deactivating autopickup; reactivate with Ctrl-A.
You feel your anger nearly subside.
You are no longer berserk.
You are exhausted.
You feel yourself slow down.
You tentacle-slap something. You squeeze something.
Something barely misses you. Something hits you.
* * * LOW HITPOINT WARNING * * *
Something shocks you.
You die...
Your body crumbles into a pile of gold.

##### ##...##
##.....##
########.......#
.....".#.......#
.[.....#.......#
......$h......######
#
......$#..$$>.......
.
.......#..[$...#####
#####.##.......###
#. ##........# #.
##.....#.# #
#####.#.# ## #...###
#. ##...####.


There were no monsters in sight!

Vanquished Creatures
  Maggie (D:6)
  A wyvern (D:7)
  A shadow (D:6)
  A water moccasin (D:7)
  A black bear (D:4)
  2 orc warriors (D:6)
  2 ogres
  2 phantoms
  2 bullfrogs (D:7)
  A scorpion (D:7)
  2 wights (D:7)
  8 water moccasin zombies (Ossuary)
  A howler monkey (D:2)
  4 hounds
  2 orc priests (D:6)
  Terence (D:2)
  2 iguanas
  4 orc wizards
  2 mummies (Ossuary)
  A gnoll (D:1)
  20 adders
  11 river rats
  A shadow imp (D:6)
  A white imp (D:7)
  2 ufetubi (D:5)
  4 adder zombies (Ossuary)
  A worm (Sewer)
  2 dart slugs
  14 orcs
  8 endoplasms
  10 giant cockroaches
  3 gnoll zombies (Ossuary)
  8 goblins
  8 hobgoblins
  11 jackals
  10 kobolds
  10 quokkas
  14 ball pythons
  15 bats
  4 frilled lizards
  5 hobgoblin zombies (Ossuary)
  2 kobold zombies (Ossuary)
  2 quokka zombies (D:5)
  10 rats
217 creatures vanquished.

Notes
Turn   | Place    | Note
-------+----------+-------------------------------------------
     0 | D:1      | croobank the Octopode Shapeshifter began the quest for the
                  | Orb.
     0 | D:1      | Reached XP level 1. HP: 13/13 MP: 1/1
   168 | D:1      | Reached XP level 2. HP: 16/18 MP: 2/2
   363 | D:1      | Reached XP level 3. HP: 23/23 MP: 3/3
   466 | D:1      | Found a faded altar of an unknown god.
  1109 | D:2      | Reached XP level 4. HP: 26/29 MP: 4/4
  1294 | D:2      | Noticed Terence
  1308 | D:2      | Killed Terence
  1309 | D:2      | Reached XP level 5. HP: 11/35 MP: 5/5
  1895 | D:2      | Learned a level 3 spell: Confusing Touch
  2067 | D:3      | Reached skill level 4 in Unarmed Combat
  2183 | D:3      | Reached XP level 6. HP: 26/41 MP: 6/6
  2378 | D:3      | Found a stormy altar of Qazlal.
  2690 | D:4      | Noticed a black bear
  2698 | D:4      | Killed a black bear
  2699 | D:4      | Reached skill level 1 in Spellcasting
  2699 | D:4      | Reached skill level 1 in Hexes
  2809 | D:4      | Reached XP level 7. HP: 24/46 MP: 7/9
  3572 | D:4      | Found a burning altar of Makhleb.
  3673 | D:5      | Entered Level 5 of the Dungeon
  3962 | D:5      | Found a sand-covered staircase.
  3984 | Ossuary  | Entered an ossuary
  4035 | Ossuary  | Reached XP level 8. HP: 45/54 MP: 11/11
  4043 | Ossuary  | Reached skill level 5 in Unarmed Combat
  4369 | Ossuary  | Reached skill level 5 in Shapeshifting
  5450 | D:6      | Found a glowing drain.
  5480 | Sewer    | Entered a sewer
  5673 | Sewer    | Reached skill level 5 in Dodging
  6505 | D:6      | Reached XP level 9. HP: 26/59 MP: 14/14
  6634 | D:6      | Found a staircase to the Ecumenical Temple.
  6915 | Temple   | Entered the Ecumenical Temple
  6959 | Temple   | Became a worshipper of Gozag Ym Sagoz the Greedy
  7024 | D:6      | Noticed Maggie
  7038 | D:6      | Killed Maggie
  7039 | D:6      | Reached skill level 5 in Fighting
  7428 | D:6      | Reached skill level 6 in Unarmed Combat
  7795 | D:7      | Identified the +2 sling "Jadwim" {speed, Fragile rElec rC+
                  | SInv}
  8008 | D:8      | Noticed a troll
  8041 | D:7      | Slain by a sky beast

Illustrated notes

Levels and vault maps discovered:
D:1:      sevenhm_arrival_forest_fort_large_2, layout_loops_ring,
          shapermc_ecumenical_altar_notcrosses
D:2:      layout_loops_cross, uniq_terence
D:3:      layout_basic, grunt_qazlal_clouds
D:4:      layout_loops_cross, makhleb_heckhound_becter,
          nicolae_figureground_pulse
D:5:      layout_loops_cross, enter_ossuary_4, nicolae_letterblocks
          [nicolae_letter_subblock, nicolae_letter_subblock,
          nicolae_letter_subblock, nicolae_letter_subblock,
          nicolae_letter_subblock, nicolae_letter_subblock,
          nicolae_letter_subblock, nicolae_letter_subblock,
          nicolae_letter_subblock, nicolae_letter_subblock,
          nicolae_letter_subblock, nicolae_letter_subblock,
          nicolae_letter_subblock, nicolae_letter_subblock,
          nicolae_letter_subblock, nicolae_letter_subblock,
          nicolae_letter_subblock, nicolae_letter_subblock,
          nicolae_letter_subblock, nicolae_letter_subblock,
          nicolae_letter_subblock, nicolae_letter_subblock,
          nicolae_letter_subblock, nicolae_letter_subblock,
          nicolae_letter_subblock]
D:6:      layout_loops_corners, minmay_temple_entry_statues,
          portal_sewer_entry_b, chequers_decorated_corner, uniq_maggie
D:7:      lemuel_ratsnest, layout_rooms, enter_bailey_3,
          hangedman_abyss_or_decor_stagger
D:8:      layout_loops_cross, serial_shops, shop, nicolae_shop_window_shopping,
          nicolae_shop_hallway_stairs, shop
Temple:   mainiacjoe_temple_cubbyholes

Skill      XL: |  1  2  3  4  5  6  7  8  9 |
---------------+----------------------------+-----
Fighting       | 2 3 4 5 |  5.5
Dodging        | 3 4 5 |  5.9
Unarmed Combat | 4 5 6 |  6.3
Shapeshifting  | 4 5 |  5.9
Spellcasting   | 1 2 3 4 |  4.3
Hexes          | 1 2 3 4 |  4.6

Action                     |  1- 3 |  4- 6 |  7- 9 || total
---------------------------+-------+-------+-------++-------
  Melee: Unarmed           |    60 |   105 |   340 ||   505
         Constrict         |    17 |    24 |    81 ||   122
         Tentacles         |    11 |    22 |    92 ||   125
         Punch             |     2 |     6 |    15 ||    23
  Throw: Dart              |       |     2 |     4 ||     6
         Throwing net      |       |       |     1 ||     1
   Cast: Confusing Touch   |       |       |    14 ||    14
    Use: Scroll            |       |     2 |    12 ||    14
         Potion            |       |       |     5 ||     5
   Stab: Sleeping          |    12 |     6 |     8 ||    26
         Distracted        |       |       |     1 ||     1
         Held in net/web   |       |       |     1 ||     1
         Confused          |       |       |     6 ||     6
 Armour: Skin              |    18 |    47 |   159 ||   224
  Dodge: Dodged            |    27 |    49 |   220 ||   296

Table legend: (Time is in decaauts)
 A = Elapsed time spent in this place.
 B = Non-inter-level travel time spent in this place.
 C = Inter-level travel time spent in this place.
 D = Time resting spent in this place.
 E = Time spent auto-exploring this place.
 F = Levels seen in this place.
 G = Mean time per level.
                   A        B        C        D        E       F      G
               +--------+--------+--------+--------+--------+-----+--------+
         Total |   7991 |   7775 |    216 |   1878 |   3889 |  11 |  726.5 |
       Dungeon |   6543 |   6412 |    131 |   1468 |   3555 |   8 |  817.9 |
        Temple |     86 |      1 |     85 |      0 |      0 |   1 |   86.0 |
         Sewer |    950 |    950 |      0 |    197 |    334 |   1 |  950.0 |
       Ossuary |    410 |    410 |      0 |    213 |      0 |   1 |  410.0 |
               +--------+--------+--------+--------+--------+-----+--------+

Top non-repeatable levels by time:
     D:6: 1417 daAuts
     D:5: 1201 daAuts
     D:4: 1027 daAuts
     D:1: 984 daAuts
   Sewer: 950 daAuts
     D:2: 923 daAuts
     D:3: 722 daAuts
 Ossuary: 410 daAuts
     D:7: 244 daAuts
  Temple: 86 daAuts
     D:8: 22 daAuts
